 Dungeon Crawl Stone Soup version 0.30-a0-920-g7493c07aab (webtiles) character file.

Game seed: 4031973178802522535

901 senseless the Skirmisher (level 8, -4/63 HPs)
             Began as a Gnoll Hunter on Mar 21, 2023.
             Slain by shadizar's ghost (10 damage)
             ... on level 3 of the Dungeon.
             The game lasted 00:10:16 (2506 turns).

senseless the Skirmisher (Gnoll Hunter)             Turns: 2506, Time: 00:10:16

Health: -4/63      AC: 15    Str: 10    XL:     8   Next: 7%
Magic:  12/12      EV: 14    Int:  9    God:
Gold:   162        SH:  0    Dex: 18    Spells: 13/13 levels left

rFire   . . .      SeeInvis .    f - +2 flail (protect)
rCold   . . .      Faith    .    (no shield)
rNeg    . . .      Spirit   .    c - +0 leather armour
rPois   .          Reflect  .    (no helmet)
rElec   .          Rampage  .    (no cloak)
rCorr   +                        (no gloves)
Will    .....                    d - +0 pair of boots
Stlth   +++                      s - amulet of regeneration
HPRegen 1.10/turn                g - +4 ring of protection
MPRegen 0.13/turn                h - ring of resist corrosion

@: under a protective aura
A: fangs 1, strong nose, distributed training
a: no special abilities


You were on level 3 of the Dungeon.
You visited 1 branch of the dungeon, and saw 5 of its levels.

You collected 162 gold pieces.

Inventory:

Hand Weapons
 a - a +1 shortbow
 f - a +2 flail of protection (weapon)
 l - a +0 scythe
 n - a +0 dagger
 o - a +0 morningstar
Missiles
 q - 2 throwing nets
Armour
 c - a +0 leather armour (worn)
 d - a +0 pair of boots (worn)
 e - an orb of energy
 r - a +0 chain mail
Jewellery
 g - a +4 ring of protection (left hand)
 h - a ring of resist corrosion (right hand)
 s - an amulet of regeneration (around neck)
Wands
 k - a wand of roots (5)
Scrolls
 b - a scroll of immolation
 i - a scroll of butterflies
 m - a scroll of identify
 p - a scroll of noise {unknown}
Potions
 j - 4 potions of brilliance
 t - a potion of invisibility {unknown}


   Skills:
 + Level 5.5 Fighting
 + Level 3.0 Short Blades
 + Level 3.0 Long Blades
 + Level 3.0 Axes
 + Level 3.0 Maces & Flails
 + Level 3.0 Polearms
 + Level 3.0 Staves
 + Level 9.1 Ranged Weapons
 + Level 3.0 Throwing
 + Level 3.0 Armour
 + Level 5.5 Dodging
 + Level 3.9 Stealth
 + Level 3.0 Shields
 + Level 3.0 Unarmed Combat
 + Level 3.0 Spellcasting
 + Level 2.4 Conjurations
 + Level 2.4 Hexes
 + Level 2.4 Summonings
 + Level 2.4 Necromancy
 + Level 2.4 Translocations
 + Level 2.4 Transmutations
 + Level 2.4 Fire Magic
 + Level 2.4 Ice Magic
 + Level 2.4 Air Magic
 + Level 2.4 Earth Magic
 + Level 2.4 Poison Magic
 + Level 3.3 Invocations
 + Level 3.0 Evocations


You had 13 spell levels left.
You didn't know any spells.
Your spell library contained the following spells:

 Spells                   Type           Power      Damage    Failure   Level
 Apportation              Tloc           10%        N/A       14%         1
 Necrotise                Necr           20%        1d5       14%         1
 Summon Small Mammal      Summ           20%        N/A       14%         1
 Cigotuvi's Dreadful Rot  Necr/Pois/Air  10%        N/A       22%         2
 Poisonous Vapours        Pois/Air       10%        N/A       22%         2
 Mephitic Cloud           Conj/Pois/Air  5%         N/A       38%         3


Dungeon Overview and Level Annotations

Branches:
Dungeon (5/15)
 Temple: D:4-7

Altars:
Ashenzari

Annotations:
D:3 shadizar's ghost, amateur GrFi


Innate Abilities, Weirdness & Mutations

You have very sharp teeth.
Your uncanny sense of smell can sniff out nearby items.
Your experience applies equally to all skills.


Message History

Shadizar's ghost hits you but does no damage.
You shoot an arrow.
The arrow barely misses shadizar's ghost.
The arrow hits the rat.
You kill the rat!
Shadizar's ghost hits you.
You shoot an arrow.
The arrow barely misses shadizar's ghost.
Shadizar's ghost hits you!
You shoot an arrow. The arrow hits shadizar's ghost.
Shadizar's ghost is heavily damaged.
Shadizar's ghost hits you!
You are too injured to fight recklessly!
You are too injured to fight recklessly!
Okay, then.
Your +2 flail of protection hums with potential!
f - a +2 flail of protection (weapon)
You barely miss shadizar's ghost.
Shadizar's ghost is heavily damaged.
Shadizar's ghost hits you.
Shadizar's ghost whispers, "They're coming for you..."
Shadizar's ghost barely misses you.
You barely miss shadizar's ghost.
You bite shadizar's ghost, but do no damage.
Shadizar's ghost is heavily damaged.
Shadizar's ghost hits you!
* * * LOW HITPOINT WARNING * * *
You closely miss shadizar's ghost.
Shadizar's ghost is heavily damaged.
Shadizar's ghost hits you!
* * * LOW HITPOINT WARNING * * *
You hit shadizar's ghost.
Your weapon exudes an aura of protection.
Shadizar's ghost is severely damaged.
Shadizar's ghost barely misses you.
You barely miss shadizar's ghost.
You bite shadizar's ghost, but do no damage.
Shadizar's ghost is severely damaged.
Shadizar's ghost hits you!
You die...

#.................†...........
#...................#........#
#...................#.........
###########.........#.........
#.........#######+#.
#.######### . #..# ##.########
#.@#r~~~~~ #..Wrr~~[~
##.#†~~~~~ #########


You could see shadizar's ghost, 2 river rats and a rat.

Vanquished Creatures
  Grinder (D:2)
  Sigmund (D:2)
  A scorpion (D:4)
  2 hounds
  4 orc priests
  An orc wizard (D:3)
  Natasha (thrice) (D:2)
  7 gnolls (D:2)
  6 adders
  2 worms
  2 dart slugs (D:1)
  8 orcs
  6 ball pythons
  4 bats
  An endoplasm (D:4)
  4 giant cockroaches
  A hobgoblin (D:2)
  4 jackals (D:1)
  4 kobolds
  8 quokkas
  5 frilled lizards
  5 goblins
  9 rats
89 creatures vanquished.

Notes
Turn   | Place    | Note
-------+----------+-------------------------------------------
     0 | D:1      | senseless the Gnoll Hunter began the quest for the Orb.
     0 | D:1      | Reached XP level 1. HP: 20/20 MP: 1/1
    71 | D:1      | Reached XP level 2. HP: 26/26 MP: 2/2
   229 | D:1      | Reached XP level 3. HP: 31/31 MP: 3/3
   341 | D:1      | Reached skill level 1 in Invocations
   682 | D:1      | Reached skill level 1 in Short Blades
   682 | D:1      | Reached skill level 1 in Long Blades
   682 | D:1      | Reached skill level 1 in Axes
   682 | D:1      | Reached skill level 1 in Maces & Flails
   682 | D:1      | Reached skill level 1 in Polearms
   682 | D:1      | Reached skill level 1 in Staves
   682 | D:1      | Reached skill level 1 in Throwing
   682 | D:1      | Reached skill level 1 in Armour
   682 | D:1      | Reached skill level 1 in Shields
   682 | D:1      | Reached skill level 1 in Unarmed Combat
   682 | D:1      | Reached skill level 1 in Spellcasting
   682 | D:1      | Reached skill level 1 in Evocations
   725 | D:2      | Noticed Natasha
   733 | D:2      | Killed Natasha
   734 | D:2      | Reached XP level 4. HP: 25/38 MP: 5/5
   739 | D:2      | Noticed Natasha
   747 | D:2      | Killed Natasha
   748 | D:2      | Reached skill level 1 in Conjurations
   748 | D:2      | Reached skill level 1 in Hexes
   748 | D:2      | Reached skill level 1 in Summonings
   748 | D:2      | Reached skill level 1 in Necromancy
   748 | D:2      | Reached skill level 1 in Translocations
   748 | D:2      | Reached skill level 1 in Transmutations
   748 | D:2      | Reached skill level 1 in Fire Magic
   748 | D:2      | Reached skill level 1 in Ice Magic
   748 | D:2      | Reached skill level 1 in Air Magic
   748 | D:2      | Reached skill level 1 in Earth Magic
   748 | D:2      | Reached skill level 1 in Poison Magic
   802 | D:2      | Noticed Sigmund
  1097 | D:2      | Noticed Natasha
  1101 | D:2      | Killed Natasha
  1102 | D:2      | Reached XP level 5. HP: 25/43 MP: 7/7
  1107 | D:2      | Killed Sigmund
  1108 | D:2      | Reached skill level 5 in Fighting
  1108 | D:2      | Reached skill level 5 in Dodging
  1108 | D:2      | Reached XP level 6. HP: 22/51 MP: 7/9
  1774 | D:3      | Noticed Grinder
  1775 | D:3      | Paralysed by Grinder for 2 turns
  1778 | D:3      | Paralysed by Grinder for 5 turns
  1793 | D:2      | Killed Grinder
  1794 | D:2      | Reached XP level 7. HP: 34/56 MP: 10/10
  2033 | D:3      | Reached skill level 9 in Ranged Weapons
  2140 | D:3      | You fall into a shaft and drop 2 floors!
  2140 | D:5      | Entered Level 5 of the Dungeon
  2233 | D:4      | Found a broken altar of Ashenzari.
  2310 | D:4      | Reached XP level 8. HP: 63/63 MP: 12/12
  2482 | D:3      | Found a runed translucent door.
  2485 | D:3      | Noticed shadizar's ghost (amateur GrFi)
  2504 | D:3      | HP: 3/63 [shadizar's ghost (10)]
  2506 | D:3      | Slain by shadizar's ghost

Illustrated notes

Levels and vault maps discovered:
D:1:      saegor_arrival_simple_e, layout_basic
D:2:      minmay_general_purpose_star, layout_rooms, uniq_natasha, uniq_sigmund
D:3:      layout_basic, ebering_ghost_sewer_f, uniq_grinder
D:4:      layout_loops_ring, bloody_trog, mainiacjoe_overflow_cross_hatched,
          lemuel_crystal_altar, serial_shops, nicolae_lakefront_shop,
          minmay_misc_feat_doors
D:5:      layout_cave_pools, mainiacjoe_overflow_alcove_3, cheibriados_altar_2,
          minmay_temple_entry_poolview, st_stairs_4, uniq_ijyb

Skill      XL: |  1  2  3  4  5  6  7 |
---------------+----------------------+-----
Invocations    | 1 2 3 |  3.3
Short Blades   | 1 2 3 |  3.0
Long Blades    | 1 2 3 |  3.0
Axes           | 1 2 3 |  3.0
Maces & Flails | 1 2 3 |  3.0
Polearms       | 1 2 3 |  3.0
Staves         | 1 2 3 |  3.0
Throwing       | 1 2 3 |  3.0
Armour         | 1 2 3 |  3.0
Shields        | 1 2 3 |  3.0
Unarmed Combat | 1 2 3 |  3.0
Spellcasting   | 1 2 3 |  3.0
Evocations     | 1 2 3 |  3.0
Conjurations   | 1 2 |  2.4
Hexes          | 1 2 |  2.4
Summonings     | 1 2 |  2.4
Necromancy     | 1 2 |  2.4
Translocations | 1 2 |  2.4
Transmutations | 1 2 |  2.4
Fire Magic     | 1 2 |  2.4
Ice Magic      | 1 2 |  2.4
Air Magic      | 1 2 |  2.4
Earth Magic    | 1 2 |  2.4
Poison Magic   | 1 2 |  2.4
Fighting       | 5 |  5.5
Dodging        | 5 |  5.5
Stealth        | 3 |  3.9
Ranged Weapons | 9 |  9.1

Action                     |  1- 3 |  4- 6 |  7- 9 || total
---------------------------+-------+-------+-------++-------
  Melee: Dagger            |       |     2 |       ||     2
         Bite              |       |     2 |     6 ||     8
         Morningstar       |       |     5 |    30 ||    35
         Flail             |       |       |     5 ||     5
   Fire: Shortbow          |    78 |   104 |    96 ||   278
    Use: Scroll            |       |     6 |     2 ||     8
         Potion            |       |       |     1 ||     1
   Stab: Sleeping          |       |       |     1 ||     1
 Armour: Leather armour    |     5 |    10 |    28 ||    43
  Dodge: Dodged            |    24 |    30 |    60 ||   114

Table legend: (Time is in decaauts)
 A = Elapsed time spent in this place.
 B = Non-inter-level travel time spent in this place.
 C = Inter-level travel time spent in this place.
 D = Time resting spent in this place.
 E = Time spent auto-exploring this place.
 F = Levels seen in this place.
 G = Mean time per level.
                   A        B        C        D        E       F      G
               +--------+--------+--------+--------+--------+-----+--------+
         Total |   2557 |   2299 |    258 |    240 |   1409 |   5 |  511.4 |
       Dungeon |   2557 |   2299 |    258 |    240 |   1409 |   5 |  511.4 |
               +--------+--------+--------+--------+--------+-----+--------+

Top non-repeatable levels by time:
     D:2: 956 daAuts
     D:1: 926 daAuts
     D:3: 491 daAuts
     D:4: 176 daAuts
     D:5: 5 daAuts
